 Dungeon Crawl Stone Soup version 0.28.0-53-g5a82cb258f (webtiles) character file.

Game seed: 2844228867647763532

16 Descartes the Grasshopper (level 2, 0/22 HPs)
             Began as a Formicid Warper on May 29, 2022.
             Succumbed to a kobold's poison
             ... on level 1 of the Dungeon.
             The game lasted 00:02:02 (498 turns).

Descartes the Grasshopper (Formicid Warper)          Turns: 498, Time: 00:02:03

Health: 0/22       AC:  5    Str: 15    XL:     2   Next: 70%
Magic:  5/5        EV: 10    Int: 12    God:
Gold:   58         SH:  6    Dex: 10    Spells: 5/5 levels left

rFire   . . .      SeeInvis +   a - +0 mace
rCold   + . .      Faith    .   f - +0 kite shield
rNeg    . . .      Spirit   .   e - +2 leather armour {rC+}
rPois   .          Reflect  .   (helmet unavailable)
rElec   .          Harm     .   (no cloak)
rCorr   .          Rampage  .   (no gloves)
Will    .....                   (no boots)
Stlth   +.........              (no amulet)
HPRegen 0.07/turn               (no ring)
MPRegen 0.09/turn               (no ring)

@: lethally poisoned (0 -> -9)
A: permanent stasis, dig shafts and tunnels, antennae 3, four strong arms
a: Dig, Shaft Self


You were on level 1 of the Dungeon.
You visited 1 branch of the dungeon, and saw 1 of its levels.

You collected 58 gold pieces.

Inventory:

Hand Weapons
 a - a +0 mace (weapon)
Missiles
 c - 5 boomerangs of dispersal (quivered)
 g - 31 stones
Armour
 b - a +0 leather armour
 e - a +2 leather armour of cold resistance (worn)
 f - a +0 kite shield (worn)
Scrolls
 d - a scroll of enchant armour {unknown}


   Skills:
 - Level 2.1 Fighting
 + Level 2.3 Maces & Flails
 - Level 1.0 Throwing
 + Level 1.6 Armour
 - Level 1.7 Dodging
 + Level 1.0 Shields
 - Level 2.1 Spellcasting
 + Level 2.9 Translocations


You had 5 spell levels left.
You didn't know any spells.
Your spell library contained the following spells:

 Spells                   Type           Power      Damage    Failure   Level
 Gell's Gravitas          Tloc           8%         N/A       61%         3
 Lesser Beckoning         Tloc           8%         N/A       61%         3
 Teleport Other           Tloc           8%         N/A       61%         3
 Manifold Assault         Tloc           8%         N/A       100%        5
 Blink                    Tloc           Unusable   N/A       N/A         2

Dungeon Overview and Level Annotations

Branches:
Dungeon (1/15)

Altars:


Innate Abilities, Weirdness & Mutations

You cannot be hasted, slowed, berserked, paralysed or teleported.
You can dig through walls and to a lower floor.
You have a pair of large antennae on your head. (SInv)
Your four strong arms can wield two-handed weapons with a shield.


Message History

You hit the dart slug but do no damage.
The dart slug is heavily wounded.
The dart slug launches a dart at you.
The slug dart hits you but does no damage.
The dart slug completely misses you.
You hit the dart slug.
You kill the dart slug!
No target in view!
No target in view!
No target in view!
No target in view!
You see here a dart slug corpse.
You sense a monster nearby.
There is an open door here.
You open the door.
You sense a monster nearby.
Found a faded altar of an unknown god.
No target in view!
There is an open door here.
A kobold and a hobgoblin come into view.
The kobold is wielding a +0 dagger of venom.
The kobold shouts!
The hobgoblin shouts!
You enter the shallow water.
Moving in this stuff is going to be slow.
The kobold hits you with a +0 dagger of venom.
You are poisoned.
The kobold barely misses you.
You barely miss the kobold.
You feel very sick.
The kobold hits you with a +0 dagger of venom.
You are lethally poisoned!
You feel extremely sick.
* * * LOW HITPOINT WARNING * * *
You feel very sick.
There is an open door here.
You aren't carrying any potions.
Unknown command.
* * * LOW HITPOINT WARNING * * *
You feel sick. The kobold completely misses you.
You die...

#....# #....###+##
####### #.(..#....#
#..... #....#....#
#$...#
#....#....####.#..#
#............#.#..#..#.
#............K≈g≈≈_≈≈≈≈
#....†.......#.#..#..#.
#..........@.#.#..#
#....###'#####....#
#....##......#.....
##'####......########
#.# #.............# #.#
#.............# ### #.#
#.............# #.. #.#
#.............# #.. #.#
#....†.†......# ####..


You could see a kobold.

Vanquished Creatures
  A dart slug (D:1)
  2 bats (D:1)
  3 endoplasms (D:1)
  A quokka (D:1)
  2 ball pythons (D:1)
  3 frilled lizards (D:1)
  A kobold (D:1)
  A rat (D:1)
14 creatures vanquished.

Notes
Turn   | Place    | Note
-------+----------+-------------------------------------------
     0 | D:1      | Descartes the Formicid Warper began the quest for the Orb.
     0 | D:1      | Reached XP level 1. HP: 16/16 MP: 3/3
   270 | D:1      | Reached XP level 2. HP: 21/22 MP: 5/5
   328 | D:1      | Reached skill level 1 in Shields
   490 | D:1      | Found a faded altar of an unknown god.
   498 | D:1      | Succumbed to a kobold's poison

Illustrated notes

Levels and vault maps discovered:
D:1:      shiori_arrival_elements, layout_basic,
          shapermc_ecumenical_altar_notcrosses

Skill      XL: |  1  2 |
---------------+-------+-----
Shields        | 1 |  1.0
Fighting       | |  2.1
Maces & Flails | |  2.3
Throwing       | |  1.0
Armour         | |  1.6
Dodging        | |  1.7
Spellcasting   | |  2.1
Translocations | |  2.9

Action                   || total
-------------------------++-------
Melee: Mace              ||    41
Armor: Leather armour    ||    20
Dodge: Dodged            ||    21
Block: Kite shield       ||    16
